 Dungeon Crawl Stone Soup version 0.31-a0-728-g01b46875f1 (webtiles) character file.

Game seed: 921776463045290381

300 Shayle the Trooper (level 6, 0/62 HPs)
             Began as an Ogre Shapeshifter on Sept 11, 2023.
             Slain by a bullfrog (7 damage)
             ... in a sewer.
             The game lasted 00:07:10 (3111 turns).

Shayle the Trooper (Ogre Shapeshifter)              Turns: 3111, Time: 00:07:10

Health: 0/62       AC:  3    Str: 19    XL:     6   Next: 36%
Magic:  10/10      EV:  9    Int: 15    God:
Gold:   99         SH:  0    Dex:  8    Spells: 11/11 levels left

rFire   + . .        h - +9 short sword "Poliafel" {heavy, Int+2}
rCold   . . .        (no shield)
rNeg    . . .        a - +0 animal skin
rPois   .            (helmet currently unavailable)
rElec   .            (cloak currently unavailable)
rCorr   .            (gloves unavailable)
SInv    .            (boots unavailable)
Will    +....        (no amulet)
Stlth   +            t - ring of willpower
HPRegen 0.30/turn    g - ring of protection from fire
MPRegen 0.12/turn

%: no passive effects
@: beast-form
A: beast (slay +2), large, unfitting armour, tough skin 1, mutation resistance 1
a: Begin Untransformation


You were in a sewer.
You were a hulking beast.
You visited 1 branch of the dungeon, and saw 4 of its levels.
You also visited: Sewer.

You collected 99 gold pieces.

Inventory:

Hand Weapons
 h - the +9 short sword "Poliafel" (weapon) {heavy, Int+2}
   (You found it on level 2 of the Dungeon)

   Int+2:     It affects your intelligence (+2).
Armour
 a - a +0 animal skin (worn)
Jewellery
 g - a ring of protection from fire (right hand)
 t - a ring of willpower (left hand)
Talismans
 c - a beast talisman (active)
 d - a flux talisman
Scrolls
 e - a scroll of enchant armour {unknown}
 i - a scroll of immolation {unknown}
 l - a scroll of fear
 m - a scroll of revelation {unknown}
 n - a scroll of amnesia {unknown}
 q - a scroll of torment {unknown}
 r - 2 scrolls of poison {unknown}
 s - a scroll of teleportation {unknown}
Potions
 b - a potion of magic
 f - 2 potions of attraction
 j - a potion of cancellation
 k - 2 potions of enlightenment
 p - a potion of mutation


   Skills:
 + Level 4.1 Fighting
 - Level 1.7 Dodging
 + Level 3.9 Unarmed Combat
 + Level 3.1 Spellcasting
 + Level 4.1 Shapeshifting


You had 11 spell levels left.
You didn't know any spells.
Your spell library contained the following spells:

 Spells                   Type           Power      Damage    Failure   Level
 Apportation              Tloc           4%         N/A       21%         1
 Freeze                   Ice            8%         1d3       21%         1
 Cigotuvi's Dreadful Rot  Necr/Pois/Air  4%         N/A       30%         2
 Jinxbite                 Hex            4%         N/A       30%         2
 Frozen Ramparts          Ice            4%         1d1       52%         3
 Hailstorm                Conj/Ice       2%         3d3       52%         3
 Dispel Undead            Necr           2%         3d7       89%         4
 Alistair's Intoxication  Tmut/Pois      1%         N/A       99%         5
 Death Channel            Necr           1%         N/A       100%        6


Dungeon Overview and Level Annotations

Branches:
Dungeon (4/15)              Sewer (1/1)
 Temple: D:4-7

Altars:
Elyvilon
Hepliaklqana
Ru
Vehumet


Innate Abilities, Weirdness & Mutations

You are a hulking beast.
Your limbs bulge with bestial killing power. (Slay +2)
You are too large for most types of armour.
You have tough skin. (AC +1)
You are somewhat resistant to further mutation.


Message History

* * * LOW HITPOINT WARNING * * *
The bullfrog completely misses you. The bullfrog barely misses you. x2
Unknown command.
You feel better.
The bullfrog hits you but does no damage.
The bullfrog closely misses you.
The bullfrog hits you but does no damage.
You closely miss the bullfrog.
The bullfrog is heavily wounded.
The bullfrog hits you. The bullfrog completely misses you.
The bullfrog hits you!
* * * LOW HITPOINT WARNING * * *
The bullfrog closely misses you. The bullfrog hits you!
* * * LOW HITPOINT WARNING * * *
As you read the scroll labelled HERUNA FUECEIXKUR, it crumbles to dust.
You assume a fearsome visage.
The bullfrog looks frightened! x2
It was a scroll of fear.
You enter the shallow water.
You see here a giant cockroach corpse.
You enter the shallow water.
You see here a ball python corpse.
The bullfrog gives a loud, deep croak!
You enter the shallow water.
You feel extremely strange.
You feel genetically stable.
You barely miss the bullfrog. The bullfrog barely misses you.
The bullfrog hits you!
* * * LOW HITPOINT WARNING * * *
You hit the bullfrog. Your punch misses the bullfrog.
The bullfrog is moderately wounded.
The bullfrog barely misses you. The bullfrog closely misses you.
You closely miss the bullfrog.
The bullfrog is moderately wounded.
The bullfrog hits you.
* * * LOW HITPOINT WARNING * * *
The bullfrog barely misses you. The bullfrog closely misses you.
You hit the bullfrog.
The bullfrog is heavily wounded.
The bullfrog hits you!
You die...

#~~#.#∩~~#≈F~~.~~≈≈#~~#~~#
#..#~#~.~##≈.~~~≈≈##~~#~~#
#~.#~###~~# #~~##.~#
#.†#~.~#~.## ##~.#~~.#
##.##~.#~~.## ##~~~#~~##
#..#~~##~..#####~.~##~~#
#∩.#.†~#~.†~~~~.~~~#~.~#
#..##~†##~~.F~†.~~##~~##
##..#†~~##~~.h~~~##.~~#
#.~#.~~.###.~.###~~~~#
##∩##~~..†#####~~~.~##
#####~~~~~~~~~~..~##
##~..~~~~~†~~##
###~~~.~.~### #########


You could see a bullfrog.

Vanquished Creatures
  An orc priest (D:3)
  Jessica (D:2)
  An iguana (D:4)
  11 adders
  A worm (D:4)
  A dart slug (D:2)
  5 orcs (D:3)
  7 endoplasms
  7 giant cockroaches
  7 goblins
  4 hobgoblins
  13 quokkas
  22 ball pythons
  6 bats
  10 frilled lizards
  8 kobolds
  9 rats
114 creatures vanquished.

Notes
Turn   | Place    | Note
-------+----------+-------------------------------------------
     0 | D:1      | Shayle the Ogre Shapeshifter began the quest for the Orb.
     0 | D:1      | Reached XP level 1. HP: 19/19 MP: 1/1
     3 | D:1      | You fall into a shaft and drop 1 floor!
   108 | D:2      | Identified the +9 short sword "Poliafel" {heavy, Int+2}
   156 | D:2      | Noticed Jessica
   160 | D:2      | Killed Jessica
   161 | D:2      | Reached skill level 1 in Spellcasting
   161 | D:2      | Reached XP level 2. HP: 10/28 MP: 1/3
   161 | D:2      | Reached XP level 3. HP: 13/35 MP: 1/4
   570 | D:1      | Reached XP level 4. HP: 39/44 MP: 6/6
  1978 | D:3      | Reached XP level 5. HP: 38/53 MP: 8/8
  2076 | D:3      | Found a white marble altar of Elyvilon.
  2140 | D:3      | Found a sacrificial altar of Ru.
  2165 | D:3      | Found a radiant altar of Vehumet.
  2452 | D:3      | Found a hazy altar of Hepliaklqana.
  2717 | D:4      | Reached XP level 6. HP: 53/62 MP: 10/10
  2730 | D:4      | Found a glowing drain.
  2736 | Sewer    | Entered a sewer
  3107 | Sewer    | Gained mutation: You are somewhat resistant to further
                  | mutation. [potion of mutation]
  3111 | Sewer    | Slain by a bullfrog

Illustrated notes

Levels and vault maps discovered:
D:1:      ncdulo_smallfort, layout_basic
D:2:      minmay_evil_eye, layout_basic, dk_noncrumbling_4, dk_noncrumbling_3,
          uniq_jessica
D:3:      layout_rooms, nzn_hepliaklqana_mist_gate,
          mainiacjoe_overflow_catwalk_spiral, vehumet_crystals
D:4:      layout_loops_cross, gup_sewer_entry_bubbles
Sewer:    sewer_frog_island_02

Skill      XL: |  1  2  3  4  5  6 |
---------------+-------------------+-----
Fighting       | 2 3 4 |  4.1
Unarmed Combat | 3 |  3.9
Spellcasting   | 1 2 3 |  3.1
Shapeshifting  | 4 |  4.1
Dodging        | |  1.7

Action                     |  1- 3 |  4- 6 || total
---------------------------+-------+-------++-------
  Melee: Unarmed           |     4 |       ||     4
         Short sword       |    21 |   202 ||   223
         Punch             |       |     1 ||     1
    Use: Potion            |     1 |     2 ||     3
         Scroll            |       |     7 ||     7
   Stab: Sleeping          |       |     1 ||     1
 Armour: Animal skin       |    14 |   220 ||   234
         Skin              |     7 |       ||     7
  Dodge: Dodged            |    13 |   121 ||   134

Table legend: (Time is in decaauts)
 A = Elapsed time spent in this place.
 B = Non-inter-level travel time spent in this place.
 C = Inter-level travel time spent in this place.
 D = Time resting spent in this place.
 E = Time spent auto-exploring this place.
 F = Levels seen in this place.
 G = Mean time per level.
                   A        B        C        D        E       F      G
               +--------+--------+--------+--------+--------+-----+--------+
         Total |   3218 |   3159 |     59 |    161 |   2099 |   5 |  643.6 |
       Dungeon |   2802 |   2743 |     59 |    110 |   2033 |   4 |  700.5 |
         Sewer |    416 |    416 |      0 |     51 |     66 |   1 |  416.0 |
               +--------+--------+--------+--------+--------+-----+--------+

Top non-repeatable levels by time:
     D:2: 1198 daAuts
     D:3: 810 daAuts
     D:1: 712 daAuts
   Sewer: 416 daAuts
     D:4: 80 daAuts
